[ AOE2 MATCH · #506903403 ]
UnrankedPersians vs Lithuanians
Player's team · WIN
[ REPLAY ANALYSIS · EXTRACTED FROM THE RECORDED GAME ]
Feudal
10:26
Castle
23:43
Imperial
36:01
| APM avg | 67.0 |
| APM peak | 129 |
| eAPM avg | 38.7 |
| Villagers / military | 150 / 43 |
Focus
⚔️ 33.0% · 🌾 67.0%
Skirmisher ×12 · Knight ×11 · Scout Cavalry ×9 · Archer ×8 · Fishing Ship ×5 · Monk ×3
Feudal
8:26
Castle
25:40
Imperial
—
| APM avg | 45.4 |
| APM peak | 76 |
| eAPM avg | 22.6 |
| Villagers / military | 112 / 85 |
Focus
⚔️ 34.2% · 🌾 65.8%
Cavalry Archer ×22 · Skirmisher ×21 · Scout Cavalry ×14 · Fishing Ship ×12 · Spearman ×10 · Monk ×4
Match map
Initial resources + every placement click. Lines = walls · curves = elevation contours. ◆ gold · ⬟ stone · ● berries · ✦ relic · ◌ wall gap
Your base· Open — unwalled flank
Allu's base· Open — unwalled flank
Smoothed initial terrain · ◌ = detected wall gap · hover for details
Inputs per minute
— AboSouheib - - Allu
Build order — AboSouheib
First 150 of 334 actions detected
| 0:01 | Queue | Villager (Male) |
| 0:03 | Build | House |
| 0:04 | Research | Loom |
| 0:05 | Queue | Villager (Male) |
| 0:06 | Build | House |
| 0:07 | Queue | Villager (Male) |
| 0:08 | Queue | Villager (Male) |
| 0:08 | Queue | Villager (Male) |
| 0:08 | Queue | Villager (Male) |
| 0:08 | Queue | Villager (Male) |
| 1:18 | Build | Dock |
| 1:31 | Build | Dock |
| 1:48 | Queue | Villager (Male) |
| 1:48 | Queue | Villager (Male) |
| 2:08 | Queue | Fishing Ship |
| 2:11 | Build | House |
| 2:16 | Queue | Villager (Male) |
| 2:17 | Queue | Villager (Male) |
| 2:33 | Queue | Villager (Male) |
| 2:34 | Queue | Villager (Male) |
| 3:02 | Queue | Villager (Male) |
| 3:02 | Queue | Villager (Male) |
| 3:12 | Queue | Fishing Ship |
| 3:12 | Queue | Fishing Ship |
| 3:26 | Queue | Villager (Male) |
| 3:35 | Queue | Villager (Male) |
| 4:16 | Build | Palisade Wall |
| 4:35 | Queue | Villager (Male) |
| 4:53 | Queue | Villager (Male) |
| 4:55 | Build | House |
| 5:10 | Queue | Villager (Male) |
| 5:13 | Build | Lumber Camp |
| 5:23 | Build | House |
| 5:25 | Queue | Villager (Male) |
| 5:26 | Queue | Villager (Male) |
| 5:37 | Queue | Fishing Ship |
| 6:12 | Queue | Villager (Male) |
| 6:14 | Build | House |
| 6:42 | Queue | Fishing Ship |
| 6:49 | Build | House |
| 7:10 | Queue | Villager (Male) |
| 7:15 | Build | House |
| 7:19 | Queue | Villager (Male) |
| 7:22 | Build | House |
| 7:30 | Build | Mill |
| 7:55 | Queue | Villager (Male) |
| 8:02 | Queue | Villager (Male) |
| 8:14 | Research | Feudal Age |
| 8:40 | Queue | Villager (Male) |
| 8:43 | Build | Barracks |
| 8:48 | Build | House |
| 8:50 | Build | Palisade Wall |
| 8:50 | Build | Palisade Wall |
| 9:03 | Queue | Villager (Male) |
| 9:32 | Queue | Villager (Male) |
| 9:37 | Queue | Villager (Male) |
| 9:39 | Build | Mining Camp |
| 9:59 | Build | House |
| 10:26 | Age | Feudal Age |
| 10:35 | Build | Archery Range |
| 10:55 | Research | Double-Bit Axe |
| 10:56 | Research | Double-Bit Axe |
| 11:16 | Queue | Skirmisher |
| 11:23 | Queue | Villager (Male) |
| 11:42 | Queue | Villager (Male) |
| 11:56 | Build | Lumber Camp |
| 11:59 | Queue | Villager (Male) |
| 12:02 | Queue | Skirmisher |
| 12:02 | Queue | Skirmisher |
| 12:16 | Queue | Villager (Male) |
| 12:20 | Queue | Skirmisher |
| 12:41 | Queue | Skirmisher |
| 12:49 | Build | Farm |
| 12:53 | Build | Farm |
| 13:10 | Queue | Villager (Male) |
| 13:19 | Queue | Villager (Male) |
| 13:20 | Build | Stable |
| 13:23 | Queue | Villager (Male) |
| 13:36 | Build | Farm |
| 13:58 | Queue | Villager (Male) |
| 13:59 | Queue | Scout Cavalry |
| 14:01 | Queue | Skirmisher |
| 14:05 | Build | Farm |
| 14:16 | Queue | Villager (Male) |
| 14:21 | Queue | Scout Cavalry |
| 14:24 | Build | Farm |
| 14:26 | Build | Farm |
| 14:27 | Queue | Villager (Male) |
| 14:31 | Build | Farm |
| 14:32 | Build | House |
| 14:34 | Build | House |
| 14:37 | Research | Town Watch |
| 14:38 | Queue | Skirmisher |
| 14:43 | Build | Farm |
| 14:45 | Build | Farm |
| 14:47 | Build | Farm |
| 14:49 | Queue | Villager (Male) |
| 14:57 | Queue | Skirmisher |
| 14:58 | Queue | Villager (Male) |
| 15:05 | Queue | Villager (Male) |
| 15:08 | Queue | Archer |
| 15:11 | Queue | Villager (Male) |
| 15:15 | Build | Farm |
| 15:17 | Build | Farm |
| 15:20 | Build | Farm |
| 15:23 | Build | Farm |
| 15:29 | Queue | Archer |
| 15:31 | Queue | Scout Cavalry |
| 15:35 | Build | Farm |
| 15:37 | Build | Farm |
| 15:38 | Queue | Villager (Male) |
| 15:41 | Build | House |
| 16:25 | Queue | Skirmisher |
| 16:26 | Queue | Scout Cavalry |
| 16:27 | Queue | Villager (Male) |
| 16:30 | Build | Farm |
| 16:32 | Queue | Villager (Male) |
| 16:37 | Queue | Villager (Male) |
| 16:41 | Build | Farm |
| 16:42 | Build | Farm |
| 16:43 | Build | Farm |
| 16:50 | Queue | Villager (Male) |
| 16:53 | Build | Blacksmith |
| 16:55 | Queue | Villager (Male) |
| 16:58 | Queue | Skirmisher |
| 17:10 | Queue | Villager (Male) |
| 17:21 | Queue | Villager (Male) |
| 17:23 | Queue | Skirmisher |
| 17:25 | Queue | Villager (Male) |
| 17:30 | Build | Farm |
| 17:31 | Build | Farm |
| 17:41 | Build | Farm |
| 17:42 | Build | Farm |
| 17:42 | Build | Farm |
| 17:50 | Queue | Skirmisher |
| 17:53 | Queue | Archer |
| 17:57 | Queue | Scout Cavalry |
| 18:03 | Research | Fletching |
| 18:06 | Queue | Villager (Male) |
| 18:12 | Queue | Scout Cavalry |
| 18:12 | Queue | Archer |
| 18:35 | Queue | Archer |
| 18:36 | Queue | Scout Cavalry |
| 18:39 | Build | Farm |
| 18:41 | Queue | Villager (Male) |
| 18:43 | Research | Horse Collar |
| 18:44 | Queue | Villager (Male) |
| 18:46 | Build | House |
| 18:51 | Build | House |
| 18:51 | Build | House |
Build order — Allu
First 150 of 325 actions detected
| 0:00 | Queue | Villager (Male) |
| 0:00 | Queue | Villager (Male) |
| 0:00 | Queue | Villager (Male) |
| 0:00 | Queue | Villager (Male) |
| 0:00 | Queue | Villager (Male) |
| 0:02 | Build | House |
| 0:04 | Build | House |
| 0:06 | Research | Loom |
| 0:20 | Queue | Villager (Male) |
| 0:20 | Queue | Villager (Male) |
| 0:21 | Queue | Villager (Male) |
| 0:21 | Queue | Villager (Male) |
| 0:34 | Queue | Villager (Male) |
| 0:34 | Queue | Villager (Male) |
| 0:34 | Queue | Villager (Male) |
| 1:03 | Build | Barracks |
| 1:41 | Build | House |
| 1:45 | Build | House |
| 1:59 | Queue | Militia |
| 1:59 | Queue | Militia |
| 2:18 | Queue | Militia |
| 2:18 | Queue | Militia |
| 2:36 | Queue | Villager (Male) |
| 2:36 | Queue | Villager (Male) |
| 2:36 | Queue | Villager (Male) |
| 2:36 | Queue | Villager (Male) |
| 2:36 | Queue | Villager (Male) |
| 2:37 | Queue | Villager (Male) |
| 3:19 | Build | Lumber Camp |
| 3:34 | Queue | Villager (Male) |
| 3:34 | Queue | Villager (Male) |
| 3:34 | Queue | Villager (Male) |
| 3:34 | Queue | Villager (Male) |
| 3:45 | Queue | Villager (Male) |
| 3:45 | Queue | Villager (Male) |
| 3:45 | Queue | Villager (Male) |
| 3:45 | Queue | Villager (Male) |
| 4:01 | Queue | Villager (Male) |
| 4:01 | Queue | Villager (Male) |
| 4:01 | Queue | Villager (Male) |
| 4:49 | Queue | Villager (Male) |
| 4:49 | Queue | Villager (Male) |
| 4:49 | Queue | Villager (Male) |
| 5:20 | Build | House |
| 6:16 | Research | Feudal Age |
| 6:47 | Build | Lumber Camp |
| 7:10 | Queue | Villager (Male) |
| 7:10 | Queue | Villager (Male) |
| 7:10 | Queue | Villager (Male) |
| 7:26 | Build | House |
| 8:26 | Age | Feudal Age |
| 8:28 | Research | Double-Bit Axe |
| 8:31 | Build | Archery Range |
| 8:33 | Build | House |
| 9:06 | Build | Mill |
| 9:32 | Queue | Skirmisher |
| 9:33 | Queue | Skirmisher |
| 9:35 | Build | House |
| 9:38 | Queue | Spearman |
| 9:45 | Queue | Villager (Male) |
| 9:45 | Queue | Villager (Male) |
| 9:58 | Research | Horse Collar |
| 10:02 | Build | Farm |
| 10:03 | Build | Farm |
| 10:21 | Build | Farm |
| 10:22 | Build | Farm |
| 10:40 | Build | Farm |
| 10:44 | Build | House |
| 10:56 | Queue | Villager (Male) |
| 10:56 | Queue | Villager (Male) |
| 10:56 | Queue | Villager (Male) |
| 10:56 | Queue | Villager (Male) |
| 10:56 | Queue | Villager (Male) |
| 11:12 | Queue | Skirmisher |
| 11:33 | Queue | Villager (Male) |
| 11:33 | Queue | Villager (Male) |
| 11:33 | Queue | Villager (Male) |
| 11:33 | Queue | Villager (Male) |
| 11:34 | Queue | Villager (Male) |
| 11:34 | Queue | Villager (Male) |
| 11:34 | Queue | Villager (Male) |
| 11:34 | Queue | Villager (Male) |
| 11:47 | Queue | Villager (Male) |
| 11:47 | Queue | Villager (Male) |
| 11:47 | Queue | Villager (Male) |
| 11:47 | Queue | Villager (Male) |
| 11:47 | Queue | Villager (Male) |
| 11:47 | Queue | Villager (Male) |
| 11:56 | Build | Mining Camp |
| 12:15 | Queue | Skirmisher |
| 12:24 | Build | Dock |
| 12:35 | Queue | Skirmisher |
| 12:37 | Queue | Villager (Male) |
| 13:03 | Queue | Skirmisher |
| 13:15 | Build | Blacksmith |
| 13:48 | Queue | Spearman |
| 13:50 | Queue | Spearman |
| 13:53 | Queue | Unit 2626 |
| 13:53 | Queue | Unit 2626 |
| 14:06 | Queue | Skirmisher |
| 14:06 | Queue | Skirmisher |
| 14:08 | Queue | Villager (Male) |
| 14:40 | Queue | Skirmisher |
| 14:40 | Queue | Skirmisher |
| 14:51 | Queue | Unit 2626 |
| 14:54 | Build | Palisade Wall |
| 15:01 | Queue | Villager (Male) |
| 15:03 | Build | House |
| 15:11 | Research | Wheelbarrow |
| 15:55 | Build | House |
| 15:55 | Build | House |
| 16:27 | Queue | Skirmisher |
| 16:27 | Queue | Skirmisher |
| 16:39 | Queue | Unit 2626 |
| 16:44 | Queue | Villager (Male) |
| 16:45 | Queue | Villager (Male) |
| 16:46 | Queue | Villager (Male) |
| 16:48 | Build | Mill |
| 16:57 | Build | Stable |
| 17:13 | Queue | Skirmisher |
| 17:13 | Queue | Skirmisher |
| 17:25 | Build | House |
| 17:26 | Build | House |
| 17:28 | Research | Fletching |
| 17:34 | Queue | Fishing Ship |
| 17:34 | Queue | Fishing Ship |
| 17:34 | Queue | Fishing Ship |
| 17:36 | Queue | Villager (Male) |
| 17:36 | Queue | Villager (Male) |
| 17:36 | Queue | Villager (Male) |
| 17:36 | Queue | Villager (Male) |
| 17:36 | Queue | Villager (Male) |
| 17:49 | Build | House |
| 17:56 | Queue | Scout Cavalry |
| 17:56 | Queue | Scout Cavalry |
| 18:38 | Build | House |
| 18:43 | Queue | Scout Cavalry |
| 18:44 | Queue | Skirmisher |
| 18:44 | Queue | Skirmisher |
| 18:44 | Queue | Skirmisher |
| 18:46 | Queue | Villager (Male) |
| 18:46 | Queue | Villager (Male) |
| 18:49 | Queue | Spearman |
| 18:49 | Queue | Spearman |
| 18:52 | Build | House |
| 18:58 | Build | Farm |
| 19:00 | Build | Farm |
| 19:01 | Build | Farm |
| 19:02 | Build | Farm |
| 19:04 | Build | Farm |
Match timeline
| 1:03 | Allu · first_building Barracks |
| 1:18 | AboSouheib · first_building Dock |
| 4:16 | AboSouheib · wall_segment Palisade Wall x1 |
| 8:26 | Allu · age_up feudal |
| 8:31 | Allu · first_building Archery Range |
| 8:43 | AboSouheib · first_building Barracks |
| 8:50 | AboSouheib · wall_segment Palisade Wall x1 |
| 8:50 | AboSouheib · wall_segment Palisade Wall x1 |
| 10:26 | AboSouheib · age_up feudal |
| 10:35 | AboSouheib · first_building Archery Range |
| 12:24 | Allu · first_building Dock |
| 13:20 | AboSouheib · first_building Stable |
| 14:54 | Allu · wall_segment Palisade Wall x2 |
| 16:57 | Allu · first_building Stable |
| 22:23 | Allu · wall_segment Palisade Wall x2 |
| 23:20 | Allu · wall_segment Palisade Wall x1 |
| 23:22 | Allu · wall_segment Palisade Wall x1 |
| 23:23 | Allu · wall_segment Palisade Wall x1 |
| 23:24 | Allu · wall_segment Palisade Wall x1 |
| 23:43 | AboSouheib · age_up castle |
| 23:52 | AboSouheib · first_building Monastery |
| 25:11 | Allu · wall_segment Palisade Wall x10 |
| 25:40 | Allu · age_up castle |
| 25:42 | Allu · wall_segment Palisade Wall x1 |
| 25:43 | Allu · wall_segment Palisade Wall x1 |
| 25:44 | Allu · wall_segment Palisade Wall x1 |
| 25:46 | Allu · wall_segment Palisade Wall x1 |
| 25:51 | Allu · first_building Monastery |
| 26:09 | Allu · wall_segment Palisade Wall x6 |
| 27:50 | Allu · wall_segment Palisade Wall x12 |
| 29:00 | Allu · wall_segment Palisade Wall x1 |
| 29:12 | Allu · wall_segment Palisade Wall x5 |
| 29:20 | AboSouheib · first_market_buy 100 food |
| 30:50 | AboSouheib · first_building Castle |
| 31:36 | Allu · first_building Siege Workshop |
| 32:11 | Allu · first_market_buy 100 stone |
| 33:12 | AboSouheib · first_market_sell 100 food |
| 36:01 | AboSouheib · age_up imperial |
| 36:09 | Allu · resign |
[ AI ANALYSIS · 1 CREDIT ]
What really happened in this match?
Wolo.gg analyzes every decision: build order, eco, micro, common mistakes by bracket. Personalized analysis on WhatsApp or Discord in 30 seconds.
Civ guide
Persians
Perfil
Jugador #1531173